 Dungeon Crawl Stone Soup version 0.23.2-33-g5129a83184 (webtiles) character file.

Game seed: 1487538588389758208

3091 Acheron the Gusty (level 9, -4/71 HPs)
             Began as a Black Draconian Air Elementalist on Aug 4, 2019.
             Was a Believer of Okawaru.
             Slain by a killer bee (8 damage)
             ... on level 8 of the Dungeon.
             The game lasted 01:27:36 (11121 turns).

Acheron the Gusty (DrAE)                           Turns: 11121, Time: 01:27:37

Health: -4/71      AC:  8    Str: 15    XL:     9   Next: 59%
Magic:  15/15      EV: 13    Int: 19    God:    Okawaru [**....]
Gold:   546        SH:  5    Dex: 12    Spells: 4/17 levels left

rFire    + . .     SeeInvis .   w - +2 war axe
rCold    . . .     Gourm    .   f - +1 buckler
rNeg     . . .     Faith    .   (armour unavailable)
rPois    .         Spirit   .   (helmet restricted)
rElec    +         Reflect  .   (no cloak)
rCorr    .         Harm     .   k - +0 pair of gloves
MR       +....                  (no boots)
Stlth    ++........             (no amulet)
HPRegen  0.21/turn              E - ring of Quoc {+Fly rF+ MR+}
MPRegen  0.14/turn              A - +5 ring of strength

@: lethally poisoned (-4 -> -10)
A: breathe lightning, unfitting armour, electricity resistance, cold-blooded, AC
+7
a: Breathe Lightning, Heroism, Renounce Religion, Evoke Flight


You were on level 8 of the Dungeon.
You worshipped Okawaru.
Okawaru was pleased with you.
You were hungry.

You visited 2 branches of the dungeon, and saw 9 of its levels.
You also visited: Sewer and Ossuary.

You collected 588 gold pieces.
You spent 42 gold pieces at shops.

Inventory:

Hand Weapons
 d - a +3 short sword
 e - a +3 dagger of draining
 q - a +1 rapier of venom
 s - a +0 trident
 w - a +2 war axe (weapon)
 x - a +0 whip of freezing
 z - a +0 hunting sling
 J - a +3 flail
Missiles
 a - 74 stones (quivered)
 j - 24 poisoned needles
 B - 64 sling bullets
Armour
 f - a +1 buckler (worn)
 k - a +0 pair of gloves (worn)
Jewellery
 i - an uncursed ring of see invisible
 p - an uncursed ring of wizardry {unknown}
 A - a +5 ring of strength (right hand)
 E - the ring of Quoc (left hand) {+Fly rF+ MR+}
   (You found it on level 5 of the Dungeon)

   [ring of protection from magic]

   It protects you from fire.
   It affects your resistance to hostile enchantments.
   It lets you fly.
 M - an uncursed ring of wizardry {unknown}
 N - an uncursed ring of fire {unknown}
Wands
 o - a wand of digging (7)
 y - a wand of iceblast (3)
 H - a wand of paralysis (8)
 Q - a wand of acid (4)
Scrolls
 c - a scroll of amnesia
 h - a scroll of magic mapping
 C - 7 scrolls of teleportation
 F - a scroll of blinking
 G - 2 scrolls of identify
 I - a scroll of remove curse
Potions
 g - a potion of agility {unknown}
 l - 2 potions of lignification
 m - 3 potions of brilliance {unknown}
 n - a potion of flight {unknown}
 r - a potion of cancellation {unknown}
 t - a potion of haste
 u - 2 potions of magic
 v - 4 potions of curing
 D - 2 potions of might {unknown}
 K - a potion of berserk rage {unknown}
 L - 3 potions of mutation {unknown}
Comestibles
 b - 2 rations
 P - a chunk of flesh


   Skills:
 * Level 3.6 Fighting
 + Level 3.2 Short Blades
 * Level 4.1 Axes
 * Level 2.6(2.7) Slings
 + Level 0.5(1.7) Throwing
 * Level 4.0 Dodging
 * Level 3.9 Stealth
 * Level 3.2 Shields
 * Level 4.5 Spellcasting
 * Level 3.9 Conjurations
 * Level 2.5 Charms
 * Level 5.9 Air Magic
 * Level 3.5 Invocations
 * Level 2.9 Evocations


You had 4 spell levels left.
You knew the following spells:

 Your Spells              Type           Power        Failure   Level  Hunger
a - Shock                 Conj/Air       ###.         1%          1    None
b - Static Discharge      Conj/Air       ###.....     5%          3    ###....
c - Airstrike             Air            ####......   12%         4    ####...
d - Swiftness             Chrm/Air       ###.....     3%          2    #......
e - Beastly Appendage     Tmut           #.....       14%         1    None
f - Sticks to Snakes      Tmut           #.......     22%         2    #......

Your spell library contained the following spells:

 Spells                   Type           Power        Failure   Level  Hunger
 Corona                   Hex            #......      14%         1    None
 Dazzling Spray           Conj/Hex       ##....       19%         3    ###....
 Ensorcelled Hibernation  Hex/Ice        #.....       22%         2    #......
 Confuse                  Hex            #.......     38%         3    ###....
 Spider Form              Tmut/Pois      #.........   38%         3    ###....
 Tukima's Dance           Hex            #.......     38%         3    ###....
 Ice Form                 Ice/Tmut       #.......     80%         4    ####...
 Lightning Bolt           Conj/Air       ###.......   45%         5    ######.
 Blade Hands              Tmut           #.........   98%         5    ######.


Dungeon Overview and Level Annotations

Branches:
Dungeon (8/15)             Temple (1/1) D:4
   Lair: D:8-11

Altars:
Ashenzari
Cheibriados
Dithmenos
Elyvilon
Fedhas
Gozag
Kikubaaqudgha
Makhleb
Nemelex Xobeh
Okawaru
Qazlal
Ru
Uskayaw
Vehumet
Wu Jian
Yredelemnul
Zin
The Shining One

Shops:
D:7 }**(

Annotations:
D:3 exclusion: 2 downstairs, Ijyb
D:4 1 runed translucent door, Grinder; Thargor's ghost, amateur HuFE
D:5 exclusion: 2 downstairs


Innate Abilities, Weirdness & Mutations

You can breathe wild blasts of lightning.
Your glossy black scales are hard. (AC +7)
You cannot fit into any form of body armour.
You are resistant to electric shocks. (rElec)
You are cold-blooded and may be slowed by cold attacks.


Message History

You slash the killer bee! You block the killer bee's attack.
The killer bee misses you. The killer bee barely misses you.
The killer bee stings you but does no damage.
You miss the killer bee.
The killer bee is heavily wounded.
You closely miss the killer bee.
You feel like a meek peon again.
The killer bee stings you but does no damage.
The killer bee barely misses you. x2; The killer bee misses you.
You completely miss the killer bee.
The killer bee is almost dead.
You barely miss the killer bee. The killer bee stings you.
* * * LOW HITPOINT WARNING * * *
You are poisoned.
The killer bee poisons you! The killer bee stings you.
* * * LOW HITPOINT WARNING * * *
The killer bee stings you.
* * * LOW HITPOINT WARNING * * *
The killer bee stings you!
You die...

..........#
..........
......... ...
#...... ..# #.....
##.# #...# ##..#
#.†y# ###...###
#y@# ###.......##
#..#
...........####..#
.....)...........#
....<÷)..........#
.............#...#
.............##..#
##............#..#
#............#..#


You could see 2 killer bees.

Vanquished Creatures
  Pikel (D:4)
  A hippogriff (D:7)
  Sigmund (D:6)
  Menkaure (D:5)
  Duvessa (D:6)
  2 orc warriors
  A black bear (D:7)
  2 ice beasts
  A sky beast (D:6)
  2 ogres
  A centaur (D:5)
  Dowan (D:6)
  A scorpion (D:7)
  4 killer bees (D:8)
  A bullfrog zombie (D:7)
  A howler monkey (D:5)
  4 crimson imps (D:5)
  2 centaur zombies
  A jelly (D:6)
  A centaur skeleton (D:7)
  3 orc priests
  3 bullfrog skeletons
  An iguana (D:4)
  3 worker ants
  A big kobold zombie (Ossuary)
  8 mummies (Ossuary)
  5 gnolls (D:4)
  2 howler monkey skeletons
  2 river rats (D:4)
  9 adders
  An adder skeleton (D:5)
  3 worms
  5 leopard geckos
  25 orcs
  6 ball pythons
  3 bats
  3 giant cockroaches
  2 gnoll zombies (Ossuary)
  7 goblins
  6 hobgoblins
  10 jackals
  3 quokkas
  7 frilled lizards
  2 hobgoblin zombies (Ossuary)
  8 kobolds
  3 orc zombies (Ossuary)
  A quokka skeleton (D:5)
  6 rats
  A rat zombie (D:5)
  A plant (Sewer)
170 creatures vanquished.

Vanquished Creatures (others)
  An ice beast (D:5)
  A worm (D:5)
2 creatures vanquished.

Grand Total: 172 creatures vanquished

Notes
Turn   | Place    | Note
-------+----------+-------------------------------------------
     0 | D:1      | Acheron the Draconian Air Elementalist began the quest for
                  | the Orb.
     0 | D:1      | Reached XP level 1. HP: 14/14 MP: 3/3
   404 | D:1      | Reached XP level 2. HP: 20/20 MP: 3/5
   607 | D:2      | Found a white marble altar of Elyvilon.
  1182 | D:2      | Found a basalt altar of Yredelemnul.
  1299 | D:2      | Reached XP level 3. HP: 27/27 MP: 3/6
  1367 | D:2      | Learned a level 3 spell: Static Discharge
  1479 | D:2      | Found a faded altar of an unknown god.
  1589 | D:2      | Found a shattered altar of Ashenzari.
  1986 | D:3      | Noticed Ijyb
  2190 | D:3      | Reached skill level 1 in Fighting
  2549 | D:3      | Reached XP level 4. HP: 34/35 MP: 6/8
  2733 | D:4      | Found a staircase to the Ecumenical Temple.
  2739 | Temple   | Entered the Ecumenical Temple
  2787 | Temple   | Became a worshipper of Warmaster Okawaru
  2992 | D:4      | Found a glowing drain.
  3302 | Sewer    | Entered a sewer
  3998 | D:4      | Reached skill level 1 in Short Blades
  4089 | D:4      | Reached XP level 5. HP: 23/40 MP: 9/9
  5119 | D:5      | Entered Level 5 of the Dungeon
  5128 | D:5      | Got a steaming bone ring
  5129 | D:5      | Identified the ring of Quoc {+Fly rF+ MR+} (You found it on
                  | level 5 of the Dungeon)
  5139 | D:5      | Noticed an ice beast
  5220 | D:5      | Learned a level 4 spell: Airstrike
  5310 | D:5      | Reached skill level 1 in Shields
  5377 | D:5      | Found a sand-covered staircase.
  5385 | Ossuary  | Entered an ossuary
  5651 | Ossuary  | Learned a level 2 spell: Swiftness
  5818 | Ossuary  | Reached skill level 1 in Invocations
  5818 | Ossuary  | Reached XP level 6. HP: 48/48 MP: 1/10
  6645 | D:5      | Found a sacrificial altar of Ru.
  6765 | D:6      | Noticed an orc warrior
  6826 | D:5      | Noticed an ice beast
  6830 | D:5      | Noticed Pikel
  6830 | D:5      | Noticed a slave
  6830 | D:5      | Noticed a slave
  6853 | D:5      | Noticed a slave
  6911 | D:4      | Killed Pikel
  6911 | D:4      | Reached * piety under Okawaru
  6911 | D:4      | Reached skill level 1 in Axes
  6911 | D:4      | Reached skill level 1 in Slings
  6911 | D:4      | Reached skill level 1 in Charms
  6911 | D:4      | Reached skill level 4 in Air Magic
  6911 | D:4      | Reached skill level 1 in Evocations
  6911 | D:4      | Your scales start taking on a glossy black colour.
  6911 | D:4      | Reached skill level 5 in Air Magic
  6911 | D:4      | Reached XP level 7. HP: 27/56 MP: 10/12
  6911 | D:4      | Gained mutation: You are resistant to electric shocks.
                  | (rElec) [Black Draconian growth]
  7395 | D:4      | Found a runed translucent door.
  7395 | D:4      | Noticed Thargor's ghost (amateur HuFE)
  7475 | D:4      | Reached XP level 8. HP: 62/62 MP: 8/13
  7719 | D:4      | Found an opulent altar of Gozag.
  7965 | D:5      | Noticed Grinder
  8254 | D:6      | Noticed Sigmund
  8271 | D:5      | Noticed Menkaure
  8284 | D:5      | Killed Menkaure
  8818 | D:6      | Killed Sigmund
  9175 | D:7      | Found Ral Gal's Weapon Emporium.
  9200 | D:7      | Found Qauzed's General Store.
  9211 | D:7      | Bought a scroll of noise for 14 gold pieces
  9211 | D:7      | Bought a scroll of identify for 28 gold pieces
  9225 | D:7      | Found Qitreoluad's Assorted Antiques.
  9260 | D:7      | Reached ** piety under Okawaru
  9306 | D:7      | Noticed a hippogriff
  9327 | D:7      | Killed a hippogriff
  9327 | D:7      | Reached XP level 9. HP: 23/70 MP: 15/15
  9684 | D:7      | Found Jaegait's Gadget Boutique.
 10267 | D:6      | Noticed Duvessa
 10267 | D:6      | Noticed Dowan
 10361 | D:6      | Learned a level 1 spell: Beastly Appendage
 10364 | D:6      | Learned a level 2 spell: Sticks to Snakes
 10378 | D:6      | Killed Duvessa
 10383 | D:6      | Killed Dowan
 11121 | D:8      | Slain by a killer bee

Skill      XL: |  1  2  3  4  5  6  7  8  9 |
---------------+----------------------------+-----
Stealth        | 2 3 |  3.9
Dodging        | 2 3 4 |  4.0
Fighting       | 1 2 3 |  3.6
Short Blades   | 1 2 3 |  3.2
Shields        | 1 2 3 |  3.2
Spellcasting   | 3 4 |  4.5
Invocations    | 1 2 3 |  3.5
Conjurations   | 2 3 |  3.9
Axes           | 1 2 4 |  4.1
Slings         | 1 2 |  2.6
Charms         | 1 2 |  2.5
Air Magic      | 5 |  5.9
Evocations     | 1 2 |  2.9
Throwing       | |  0.5

Action                   |  1- 3 |  4- 6 |  7- 9 || total
-------------------------+-------+-------+-------++-------
Melee: Unarmed           |    14 |       |       ||    14
       Dagger            |    39 |       |       ||    39
       Tailslap          |     4 |    33 |    39 ||    76
       Short sword       |    23 |   279 |   149 ||   451
       War axe           |       |       |   160 ||   160
 Cast: Shock             |    57 |   150 |    71 ||   278
Invok: Heroism           |       |       |    13 ||    13
 Abil: Breathe Lightning |       |       |     2 ||     2
Evoke: Wand              |       |       |     3 ||     3
  Use: Scroll            |     6 |    11 |     3 ||    20
       Potion            |       |     4 |     5 ||     9
 Stab: Sleeping          |       |     3 |     2 ||     5
       Paralysed         |       |       |     3 ||     3
  Eat: Chunk             |     3 |     3 |     4 ||    10
       Ration            |     1 |     4 |     2 ||     7
Armor: Skin              |    29 |    57 |    99 ||   185
Dodge: Dodged            |    45 |   100 |   249 ||   394
Block: Buckler           |     5 |    35 |   113 ||   153
